cohdb
Replays
Latest Replays
All Replays
Popular Replays
Top Player Replays
Match Explorer
How It Works
Community
CoH3 Stats
Reddit
Sign in to upload your games and track your stats! →
Sign in with Steam
Match 41241848
Unlisted
Match 41241848
Overview
Messages
Build Orders
End
Construct Infanterie Kompanie
MG 42 Machine Gun Team
Grenadier Squad
Construct Panzergrenadier Kompanie
Panzergrenadier Squad
251 Medium Carrier
Panzergrenadier Officer Quarters
Pak 40 Anti-tank Gun Team
Selects Mechanized Battlegroup
Selects Raid Package
no inbred rage-quitter?
FlyingDutchman
CPU - VERY EASY
Arkanor
[B2B] Totino the Pizza Boy
Caleb187
0
0
Comments
sign in to comment!
No comments posted yet!